 Dungeon Crawl Stone Soup version 0.32-a0-975-g85d4e5bfdb (webtiles) character file.

Game seed: 10702959415156928698

172 Autsider the Sneak (level 5, -3/24 HPs)
             Began as a Vine Stalker Enchanter on Apr 19, 2024.
             Slain by an iguana (10 damage)
             ... on level 4 of the Dungeon.
             The game lasted 00:08:34 (2513 turns).

Autsider the Sneak (Vine Stalker Enchanter)         Turns: 2513, Time: 00:08:35

Health: -3/24      AC:  2    Str: 12    XL:     5   Next: 52%
Magic:  0/10       EV: 11    Int: 15    God:
Gold:   102        SH:  1    Dex: 15    Spells: 8/10 levels left

rFire   . . .        w - +1 dagger (venom)
rCold   . . .        r - -3 buckler
rNeg    . . .        b - +0 robe
rPois   .            m - +0 helmet
rElec   .            (no cloak)
rCorr   .            (no gloves)
SInv    .            p - -2 pair of boots
Will    .....        (no amulet)
Stlth   +++          (no ring)
HPRegen 1.04/turn    (no ring)
MPRegen 0.12/turn

%: guardian spirit
@: very slightly contaminated
A: fangs 2, regeneration 1, magic shield, antimagic bite, no potion heal 2
a: no special abilities


You were on level 4 of the Dungeon.
You visited 1 branch of the dungeon, and saw 4 of its levels.

You collected 102 gold pieces.

Inventory:

Hand Weapons
 a - a +1 dagger
 g - a +2 spectral quarterstaff
 o - a +2 short sword of venom
 w - a +1 dagger of venom (weapon)
Missiles
 v - 6 boomerangs (quivered)
Armour
 b - a +0 robe (worn)
 m - a +0 helmet (worn)
 p - a -2 pair of boots (worn)
 q - a -1 leather armour
 r - a -3 buckler (worn)
Jewellery
 f - a ring of see invisible
 s - a +6 ring of dexterity
 t - a ring of flight
 u - a ring of protection from fire
Scrolls
 d - a scroll of fear {unknown}
 e - a scroll of noise {unknown}
 l - a scroll of teleportation {unknown}
 n - a scroll of identify {unknown}
Potions
 c - 2 potions of invisibility
 h - a potion of degeneration {unknown}
 i - 4 potions of curing {unknown}
 j - 3 potions of heal wounds {unknown}
 k - a potion of attraction {unknown}


   Skills:
 + Level 1.9 Short Blades
 + Level 2.2 Dodging
 * Level 5.1 Stealth
 + Level 3.0 Spellcasting
 + Level 3.5 Hexes
 + Level 1.5 Ice Magic


You had 8 spell levels left.
You knew the following spells:

 Your Spells              Type           Power      Damage    Failure   Level
a - Ensorcelled Hibernat  Hex/Ice        18%        N/A       16%         2

Your spell library contained the following spells:

 Spells                   Type           Power      Damage    Failure   Level
 Confusing Touch          Hex            12%        N/A       21%         3
 Tukima's Dance           Hex            12%        N/A       21%         3
 Dazzling Flash           Conj/Hex       14%        N/A       38%         3
 Maxwell's Portable Pile  Tloc           2%         2d(5-14)  65%         3
 Magnavolt                Erth/Air       1%         3d9       100%        7
 Maxwell's Capacitive Co  Air            1%         ∞         100%        8


Dungeon Overview and Level Annotations

Branches:
Dungeon (4/15)
 Temple: D:4-7

Altars:
Dithmenos

Shops:
D:3 [

Annotations:
D:2 1 runed translucent door, Crazy Yiuf


Innate Abilities, Weirdness & Mutations

You have extremely sharp teeth.
Your natural rate of healing is unusually fast.
When hurt, damage is shared between your health and your magic reserves.
Your bite disrupts and absorbs the magic of your enemies.
Potions cannot restore your health.


Message History

You see here 13 gold pieces.
You now have 102 gold pieces (gained 13).
The iguana hisses angrily.
Sorry, you're not good enough to have a special ability.
Casting: Ensorcelled Hibernation (safe; 16% risk of failure)
Confirm with . or Enter, or press ? or * to list all spells.
Aiming: Ensorcelled Hibernation (safe; 16% risk of failure)
Press: ? - help, Shift-Dir - straight line, f - iguana
Aim: an iguana (chance to affect: 51%)
The iguana resists with significant effort.
Casting: Ensorcelled Hibernation (safe; 16% risk of failure)
Confirm with . or Enter, or press ? or * to list all spells.
Aiming: Ensorcelled Hibernation (safe; 16% risk of failure)
Press: ? - help, Shift-Dir - straight line, f/p - iguana
Aim: an iguana (chance to affect: 51%)
The iguana resists with significant effort.
The iguana bites you.
Casting: Ensorcelled Hibernation (safe; 16% risk of failure)
Confirm with . or Enter, or press ? or * to list all spells.
Aiming: Ensorcelled Hibernation (safe; 16% risk of failure)
Press: ? - help, Shift-Dir - straight line, f/p - iguana
Aim: an iguana (chance to affect: 51%)
You miscast Ensorcelled Hibernation.
You are very lightly contaminated with residual magic.
Nothing appears to happen.
The iguana bites you!
* * * LOW HITPOINT WARNING * * *
Casting: Ensorcelled Hibernation (safe; 16% risk of failure)
Confirm with . or Enter, or press ? or * to list all spells.
You don't have enough magic to cast this spell.
Unknown command.
You closely miss the iguana. The iguana bites you!
* * * LOW HITPOINT WARNING * * *
You hit the iguana. Your bite misses the iguana.
The iguana is moderately wounded.
The iguana closely misses you.
You hit the iguana.
The iguana is poisoned.
You bite the iguana. You drain its power.
You feel invigorated.
The iguana is heavily wounded.
The iguana bites you!
You die...

#.#.. #.#.# #.#.# #.#.#
#### ###### #.#.###....
#....######.......#####.
#.......................
................@l......
...#........#.###.##....
...#......#.#.# +# .
...#......+.#.#
...+......#....
...#..#####.#.# ...#..#
#.#.# #<##..# ..#.# ###
..#


You could see an iguana (very poisoned).

Vanquished Creatures
  Jessica (D:3)
  Natasha (D:4)
  Robin (D:2)
  3 gnolls (D:2)
  2 ribbon worms (D:3)
  3 dart slugs
  An orc (D:3)
  4 ball pythons
  3 endoplasms
  6 giant cockroaches
  9 goblins
  5 hobgoblins
  6 jackals
  7 quokkas
  2 bats
  2 frilled lizards
  3 kobolds
  5 rats
64 creatures vanquished.

Notes
Turn   | Place    | Note
-------+----------+-------------------------------------------
     0 | D:1      | Autsider the Vine Stalker Enchanter began the quest for the
                  | Orb.
     0 | D:1      | Reached XP level 1. HP: 9/9 MP: 4/4
    95 | D:1      | Reached skill level 1 in Short Blades
   118 | D:1      | Reached XP level 2. HP: 11/13 MP: 3/6
   583 | D:1      | Reached skill level 4 in Stealth
   685 | D:2      | Reached XP level 3. HP: 16/16 MP: 7/7
   788 | D:2      | Noticed Robin
   907 | D:2      | Learned a level 2 spell: Ensorcelled Hibernation
   994 | D:2      | Reached XP level 4. HP: 11/21 MP: 1/8
  1002 | D:2      | Reached skill level 1 in Ice Magic
  1078 | D:2      | Found a runed translucent door.
  1078 | D:2      | Found the +6 shillelagh "Devastator" {shatter}
  1079 | D:2      | Noticed Crazy Yiuf
  1298 | D:2      | Killed Robin
  1852 | D:3      | Found Uliaguf's Armour Shoppe.
  1933 | D:3      | Noticed Jessica
  1956 | D:3      | Killed Jessica
  1957 | D:3      | Reached XP level 5. HP: 24/24 MP: 10/10
  2189 | D:3      | Found a shadowy altar of Dithmenos.
  2268 | D:3      | Reached skill level 5 in Stealth
  2495 | D:4      | Noticed Natasha
  2500 | D:4      | Killed Natasha
  2513 | D:4      | Slain by an iguana

Illustrated notes

Levels and vault maps discovered:
D:1:      ebering_hopf_link, layout_rooms
D:2:      layout_loops_ring, uniq_robin, uniq_crazy_yiuf_cottage
D:3:      layout_basic, mainiacjoe_overflow_concentric_impassable, serial_shops,
          nicolae_shop_scrapyard, uniq_jessica
D:4:      layout_basic, nicolae_qazlal_style_of_elements,
          mainiacjoe_overflow_surrounded_room, uniq_blork_the_orc, uniq_natasha

Skill      XL: |  1  2  3  4  5 |
---------------+----------------+-----
Short Blades   | 1 |  1.9
Stealth        | 4 5 |  5.1
Ice Magic      | 1 |  1.5
Dodging        | 2 |  2.2
Spellcasting   | 3 |  3.0
Hexes          | |  3.5

Action                     |  1- 3 |  4- 6 || total
---------------------------+-------+-------++-------
  Melee: Dagger            |   116 |    55 ||   171
         Bite              |    34 |    30 ||    64
         Short sword       |       |    33 ||    33
   Cast: Ensorcelled Hiber |     1 |     5 ||     6
   Stab: Sleeping          |     4 |     8 ||    12
 Armour: Robe              |    52 |    48 ||   100
  Dodge: Dodged            |    64 |    45 ||   109
  Block: Buckler           |       |     1 ||     1

Table legend: (Time is in decaauts)
 A = Elapsed time spent in this place.
 B = Non-inter-level travel time spent in this place.
 C = Inter-level travel time spent in this place.
 D = Time resting spent in this place.
 E = Time spent auto-exploring this place.
 F = Levels seen in this place.
 G = Mean time per level.
                   A        B        C        D        E       F      G
               +--------+--------+--------+--------+--------+-----+--------+
         Total |   2499 |   2330 |    169 |    174 |   1550 |   4 |  624.8 |
       Dungeon |   2499 |   2330 |    169 |    174 |   1550 |   4 |  624.8 |
               +--------+--------+--------+--------+--------+-----+--------+

Top non-repeatable levels by time:
     D:2: 1152 daAuts
     D:3: 660 daAuts
     D:1: 652 daAuts
     D:4: 34 daAuts
